AoeStats
← ost.nostalgia

Nomad

510370571Analyzed
4v4 RM · 2d ago on Sep 30, 2026· 65m 10s· 8 players
Game mode
Random Map
Map size
231×231
Population
200
Speed
Normal
Resources
Standard
Victory
Conquest
Starting age
Dark Age
Ending age
Imperial Age
RankedLock teamsTeams togetherTeam positionsShared explorationLock speedFull tech treeHidden civsTurbo modeCheats
Victory
Defeat
🇨🇿 Malay · Czechia
1482
+13
🇫🇷 Byzantines · France
1422
+16
🇮🇹 Burgundians · Italy
1354
+18
🇳🇱 Turks · Netherlands
1304
+21
🇺🇸 Romans · United States
1431
-17
🇨🇦 Khmer · Canada
1427
-18
🇻🇳 Gurjaras · Vietnam
1407
-17
🇺🇸 Maya · United States
1376
-16
Rakosnik
12:48 Loom
14:54 Feudal Age
13:09 Loom
18:28 Castle Age
16:52 Fishing Lines
17:52 Double-Bit Axe
19:20 Gillnets
20:30 Husbandry
20:44 Bow Saw
21:25 Medium Warships
23:17 Gold Mining
24:14 Scale Barding Armor
24:19 Forging
28:42 Iron Casting
34:22 Imperial Age
32:28 Wheelbarrow
32:12 Stone Mining
33:10 Elite Battle Elephant
34:15 Hand Cart
35:37 Blast Furnace
35:09 Squires
36:25 Heavy Warships
38:56 Clinker Construction
39:01 Careening
39:24 Forced Levy
39:18 Man-at-Arms
40:05 Horse Collar
40:23 Arson
40:34 Fletching
40:37 Long Swordsman
41:21 Two-Handed Swordsman
42:23 Heavy Plow
49:05 Pikeman
53:39 Bodkin Arrow
53:44 Halberdier
64:48 Conscription
RogerV
13:57 Feudal Age
17:48 Castle Age
17:15 Double-Bit Axe
17:46 Bloodlines
19:49 Loom
20:25 Husbandry
44:41 Imperial Age
43:36 Wheelbarrow
45:25 Hand Cart
50:51 Horse Collar
51:47 Heavy Plow
52:02 Bow Saw
54:18 Artillery
55:42 Conscription
60:01 Bloodlines
59:12 Heavy Camel Rider
60:45 Hoardings
63:19 Scale Barding Armor
64:23 Chain Barding Armor
64:15 Forging
65:39 Plate Barding Armor
65:15 Forging
chinsa_yama
5:41 Loom
14:17 Feudal Age
18:34 Castle Age
16:45 Double-Bit Axe
16:43 Horse Collar
20:29 Medium Warships
20:46 Bow Saw
20:38 Gold Mining
25:37 Clinker Construction
35:18 Imperial Age
33:28 Wheelbarrow
33:35 Heavy Plow
34:39 Hand Cart
34:57 Scale Barding Armor
35:03 Forging
36:58 Crop Rotation
37:32 Two-Man Saw
36:57 Chain Barding Armor
37:13 Iron Casting
38:25 Plate Barding Armor
39:18 Onager
47:41 Conscription
46:42 Elite Cataphract
52:39 Husbandry
52:00 Light Cavalry
53:12 Stone Mining
53:59 Gold Shaft Mining
53:25 Hussar
55:33 Cavalier
60:18 Paladin
Jac
3:04 Loom
13:11 Feudal Age
19:53 Castle Age
20:06 Double-Bit Axe
23:27 Medium Warships
26:40 Forging
30:31 Scale Barding Armor
34:16 Iron Casting
35:40 Cavalier
37:34 Chain Barding Armor
42:22 Fletching
47:29 Imperial Age
49:29 Bodkin Arrow
51:18 Blast Furnace
50:56 Plate Barding Armor
53:27 Conscription
53:47 Bracer
54:45 Scale Mail Armor
55:48 Chemistry
54:56 Pikeman
60:42 Horse Collar
64:56 Caravan
busy pushing deer
15:30 Feudal Age
16:21 Double-Bit Axe
16:45 Gold Mining
19:07 Castle Age
16:54 Fishing Lines
18:47 Scale Barding Armor
20:15 Bow Saw
21:06 Scale Mail Armor
21:31 Squires
22:05 Loom
22:06 Town Watch
22:59 Wheelbarrow
22:10 Loom
23:11 Pikeman
24:13 Chain Mail Armor
26:14 Forging
31:22 Gold Shaft Mining
31:01 Horse Collar
31:59 Iron Casting
31:15 Fletching
33:18 Gillnets
36:43 Imperial Age
34:50 Ballistas
34:56 Husbandry
35:39 Chain Barding Armor
36:31 Ballistics
36:40 Bodkin Arrow
38:27 Blast Furnace
39:25 Chemistry
38:19 Halberdier
40:54 Plate Barding Armor
41:39 Capped Ram
44:54 Siege Engineers
44:19 Man-at-Arms
44:55 Heavy Scorpion
45:08 Long Swordsman
46:03 Legionary
46:57 Heavy Plow
48:02 Guard Tower
49:29 Keep
52:13 Conscription
52:14 Comitatenses
57:22 Bloodlines
56:32 Light Cavalry
AlzzStriker
4:45 Loom
14:44 Feudal Age
17:43 Castle Age
16:47 Fletching
18:26 Bodkin Arrow
18:31 Fishing Lines
19:36 Medium Warships
21:30 Double-Bit Axe
22:52 Demolition Ship
32:32 Careening
32:33 Clinker Construction
33:17 Ballistics
33:09 Clinker Construction
39:39 Imperial Age
37:18 Gillnets
39:42 Gold Mining
40:04 Bow Saw
40:31 Wheelbarrow
40:49 Heavy Warships
40:56 Bracer
42:31 Chemistry
42:03 Dry Dock
44:12 Scale Barding Armor
44:18 Forging
45:03 Hand Cart
44:34 Elite Battle Elephant
46:09 Bloodlines
46:00 Husbandry
46:22 Chain Barding Armor
50:03 Tusk Swords
50:24 Conscription
50:49 Plate Barding Armor
51:29 Caravan
52:00 Coinage
52:58 Carvel Hull
53:55 Iron Casting
57:49 Blast Furnace
58:04 Light Cavalry
ost.nostalgia
5:54 Loom
16:51 Feudal Age
18:04 Town Watch
20:52 Castle Age
19:07 Fishing Lines
20:07 Scale Barding Armor
20:14 Forging
20:31 Gold Mining
21:07 Bloodlines
20:58 Double-Bit Axe
22:05 Chain Barding Armor
22:55 Iron Casting
22:52 Bow Saw
24:52 Husbandry
24:40 Horse Collar
24:54 Gillnets
27:18 Fletching
40:35 Horse Collar
52:33 Heavy Plow
54:04 Gold Shaft Mining
55:12 Wheelbarrow
60:32 Imperial Age
58:30 Hand Cart
62:30 Bodkin Arrow
64:28 Thumb Ring
Blox
8:36 Loom
12:05 Feudal Age
12:35 Double-Bit Axe
12:33 Fishing Lines
13:53 Gold Mining
19:52 Castle Age
18:31 Stone Mining
19:45 Fletching
21:06 Bow Saw
21:23 Bodkin Arrow
22:57 Horse Collar
28:41 Wheelbarrow
29:08 Ballistics
34:16 Imperial Age
33:47 Padded Archer Armor
34:29 Masonry
36:21 Bracer
37:44 Leather Archer Armor
39:10 Chemistry
38:57 Conscription
42:40 Elite Plumed Archer
43:56 Hoardings
43:06 Treadmill Crane
43:21 Murder Holes
45:01 Forging
44:52 Scale Mail Armor
45:12 Eagle Warrior
45:58 Squires
47:16 Ring Archer Armor
47:02 Chain Mail Armor
47:22 Iron Casting
47:09 Hand Cart
46:40 Town Watch
49:23 Elite Eagle Warrior
50:35 Plate Mail Armor
51:54 Blast Furnace
52:55 Holcans
52:18 Arson
52:57 Sappers
54:28 Architecture
53:51 Guard Tower
57:36 Pikeman
59:07 Caravan
60:37 Guilds
64:34 Thumb Ring
63:52 Elite Skirmisher
64:36 Hul'che Javelineers
Connection lost

Rejoining the realm…

Still unreachable

The connection could not be restored.

Session expired

The server has moved on; the page needs a fresh start.